 Dungeon Crawl Stone Soup version 0.31-a0-232-gb1c03b2570 (webtiles) character file.

Game seed: 13613178595746999444

88 qw the Shooter (level 4, -7/36 HPs)
             Began as a Minotaur Hexslinger on July 6, 2023.
             Mangled by Sigmund
             ... wielding a +0 scythe
              (8 damage)
             ... on level 3 of the Dungeon.
             The game lasted 00:00:35 (1233 turns).

qw the Shooter (Minotaur Hexslinger)                Turns: 1233, Time: 00:00:36

Health: -7/36      AC:  6    Str: 13    XL:     4   Next: 29%
Magic:  4/4        EV: 11    Int: 10    God:
Gold:   73         SH:  0    Dex: 14    Spells: 4/5 levels left

rFire   . . .        Y - +2 sling
rCold   . . .        (no shield)
rNeg    . . .        a - +0 ring mail
rPois   .            (helmet restricted)
rElec   .            (no cloak)
rCorr   .            (no gloves)
SInv    .            j - +0 pair of boots
Will    .....        (no amulet)
Stlth   +            (no ring)
HPRegen 0.26/turn    (no ring)
MPRegen 0.09/turn

%: no passive effects
@: lethally poisoned (-7 -> -8)
A: horns 2, retaliatory headbutt
a: no special abilities


You were on level 3 of the Dungeon.
You visited 1 branch of the dungeon, and saw 3 of its levels.

You collected 73 gold pieces.


Innate Abilities, Weirdness & Mutations

You have a pair of horns on your head.
You reflexively headbutt those who attack you in melee.


   Skills:
 - Level 2.0 Fighting
 + Level 4.2 Ranged Weapons
 - Level 2.1 Armour
 - Level 2.1 Dodging
 - Level 1.0 Spellcasting
 - Level 2.0 Hexes


You had 4 spell levels left.
You knew the following spells:

 Your Spells              Type           Power      Damage    Failure   Level
a - Slow                  Hex            16%        N/A       32%         1

Your spell library contained the following spells:

 Spells                   Type           Power      Damage    Failure   Level
 Inner Flame              Hex/Fire       2%         N/A       82%         3
 Portal Projectile        Hex/Tloc       4%         N/A       82%         3
 Cause Fear               Hex            2%         N/A       97%         4

Inventory:

Hand Weapons
 Y - a +2 sling (weapon)
Armour
 a - a +0 ring mail (worn)
 j - a +0 pair of boots (worn)
Jewellery
 g - a ring of fire
Potions
 b - a potion of haste {unknown}
 d - a potion of enlightenment {unknown}
 h - a potion of mutation {unknown}

Dungeon Overview and Level Annotations

Branches:
Dungeon (3/15)

Altars:

Annotations:
D:3 Sigmund


Message History

You shoot a sling bullet.
The sling bullet closely misses the iguana.
The iguana barely misses you. The adder bites you.
The iguana barely misses you.
You shoot a sling bullet. The sling bullet hits the iguana.
The iguana is severely wounded.
The adder bites you. The adder bites you but does no damage.
The iguana barely misses you.
You shoot a sling bullet. The sling bullet hits the iguana.
The iguana is severely wounded.
The adder bites you but does no damage. The iguana bites you!
Something hits you. The adder bites you but does no damage.
1227 ||| DRINKING potion of heal wounds.
You feel much better. The iguana bites you.
The adder bites you but does no damage.
You shoot a sling bullet. The sling bullet hits the iguana.
You kill the iguana!
The adder bites you. Something hits you but does no damage.
The adder barely misses you.
Your Armour skill gained 2 levels and is now at level 2!
You have reached level 4!
You feel stronger.
You shoot a sling bullet. The sling bullet hits the adder.
The adder is heavily wounded.
The adder barely misses you. Something hits you but does no damage.
The adder closely misses you.
You shoot a sling bullet.
The sling bullet closely misses the adder.
Something hits you. The adder bites you.
You are poisoned.
The adder poisons you!
You shoot a sling bullet. The sling bullet misses the adder.
You feel sick. The adder bites you but does no damage. Something hits you.
The adder completely misses you. You furiously retaliate!
You headbutt the adder. You shoot a sling bullet.
The sling bullet barely misses the adder.
You feel sick. The adder bites you but does no damage. Something hits you!
The adder bites you but does no damage.
You shoot a sling bullet. The sling bullet misses the adder.
You feel sick. The adder bites you but does no damage. Something hits you!
You die...

..~.~.~...#.#
..~~.~~...#.#
..(~~_~~...#.#
..~.~~~.~..#.#
#~~~~.~~~~#.##
#..~.~..#.##
#.~.~.#.##
##.##{##.##
......S@##
#####.%## ##.
#. #. #. #. ..


You could see an adder.

Vanquished Creatures
  An iguana (D:3)
  An adder (D:2)
  2 worms
  2 dart slugs (D:1)
  5 ball pythons
  5 bats
  3 endoplasms
  3 goblins (D:2)
  7 hobgoblins
  A quokka (D:1)
  4 frilled lizards
  5 kobolds
  2 rats (D:1)
41 creatures vanquished.

Notes
Turn   | Place    | Note
-------+----------+-------------------------------------------
     0 | D:1      | qw the Minotaur Hexslinger began the quest for the Orb.
     0 | D:1      | Reached XP level 1. HP: 16/16 MP: 1/1
     0 | D:1      | 0 ||| qw: Version: 0.3-a-46-gb1f654a
     0 | D:1      | 0 ||| qw: Game counter: 2123
     0 | D:1      | 0 ||| qw: Melee chars always use a shield: true
     0 | D:1      | 0 ||| qw: God list: Okawaru
     0 | D:1      | 0 ||| qw: Allow faded altars: false
     0 | D:1      | 0 ||| qw: Do Orc after clearing Dungeon:15 true
     0 | D:1      | 0 ||| qw: Do second Lair branch before Depths: true
     0 | D:1      | 0 ||| qw: Lair rune preference: random
     0 | D:1      | 0 ||| qw: Goals: Normal
     0 | D:1      | 0 ||| PLANNING D:1-11
    87 | D:1      | Reached skill level 3 in Ranged Weapons
    87 | D:1      | Reached XP level 2. HP: 23/23 MP: 2/2
   406 | D:1      | Reached XP level 3. HP: 29/29 MP: 3/3
   431 | D:1      | 431 ||| READING scroll labelled SYCEIC QAJA.
   432 | D:1      | 432 ||| READING scroll labelled EMPAONN LETSEL.
   435 | D:1      | 435 ||| DROPPING scroll of poison.
   482 | D:2      | Reached skill level 4 in Ranged Weapons
  1115 | D:2      | 1115 ||| UPGRADING to +0 ring mail.
  1125 | D:2      | 1125 ||| DROPPING +0 robe.
  1126 | D:2      | 1126 ||| UPGRADING to +0 pair of boots.
  1131 | D:2      | 1131 ||| READING scroll labelled ZEDAOTT RYITZU.
  1132 | D:2      | 1132 ||| READING scroll labelled IWYPNA LUTHILE.
  1133 | D:2      | 1133 ||| READING scroll labelled NUUW BUALUE.
  1134 | D:2      | 1134 ||| READING scroll labelled LAVOAS DESAOHO.
  1135 | D:2      | 1135 ||| DRINKING 2 fizzy brown potions.
  1149 | D:3      | Found a faded altar of an unknown god.
  1150 | D:3      | 1150 ||| PLANNING SEWER
  1215 | D:3      | Noticed Sigmund
  1226 | D:3      | HP: 5/29 [iguana (7)]
  1227 | D:3      | 1227 ||| DRINKING potion of heal wounds.
  1229 | D:3      | Reached XP level 4. HP: 22/36 MP: 4/4
  1232 | D:3      | HP: 9/36 [poisoned by an adder]
  1232 | D:3      | HP: 2/36 [something (7)]
  1233 | D:3      | Mangled by Sigmund

Levels and vault maps discovered:
D:1:      dpeg_arrival_erosion, layout_rooms, st_stairs_8
D:2:      layout_basic, dk_noncrumbling_3
D:3:      layout_basic, mainiacjoe_overflow_alcove_4,
          shapermc_ecumenical_altar_starsandcircs, gup_sewer_entry_pipe,
          minivault_23, uniq_sigmund

Skill      XL: |  1  2  3 |
---------------+----------+-----
Ranged Weapons | 3 4 |  4.2
Fighting       | 2 |  2.0
Armour         | 2 |  2.1
Dodging        | |  2.1
Spellcasting   | |  1.0
Hexes          | |  2.0

Action                     |  1- 3 |  4- 6 || total
---------------------------+-------+-------++-------
   Fire: Sling             |   131 |     5 ||   136
    Use: Scroll            |     6 |       ||     6
         Potion            |     2 |       ||     2
 Armour: Robe              |     7 |       ||     7
         Ring mail         |    15 |     5 ||    20
  Dodge: Dodged            |    37 |     3 ||    40

Table legend:
 A = Non-vault XP
 B = Vault XP
 C = Vault XP percentage of total XP
 D = Non-vault monster count
 E = Vault monster count
 F = Vault count percentage of total count
                 A         B        C        D         E       F
            +---------+---------+-------+---------+---------+-------
      Total |     125 |       1 |   0.8 |      40 |       1 |   2.4
            +---------+---------+-------+---------+---------+-------
        D:1 |      40 |       1 |   2.4 |      22 |       1 |   4.3
        D:2 |      40 |       0 |   0.0 |      15 |       0 |   0.0
        D:3 |      45 |       0 |   0.0 |       3 |       0 |   0.0
            +---------+---------+-------+---------+---------+-------
